 Dungeon Crawl Stone Soup version 0.17-a0-1037-gbf358b4 (webtiles) character file.

6715 Gorice the Destroyer (level 11, 0/56 HPs)
             Began as a Tengu Wanderer on May 14, 2015.
             Was an Elder of Vehumet.
             Slain by an orc warrior
             ... wielding a +0 hand axe
              (17 damage)
             ... on level 10 of the Dungeon.
             The game lasted 01:25:03 (10416 turns).

Gorice the Destroyer (Tengu Wanderer)              Turns: 10416, Time: 01:25:03

Health: 0/56       AC:  6    Str: 11    XL:     11   Next: 4%
Magic:  17/33      EV: 12    Int: 16    God:    Vehumet [****..]
Gold:   618        SH:  0    Dex: 15    Spells: 7 memorised, 11 levels left

rFire  + . .     SeeInvis .     a - +1 short sword (venom)
rCold  . . .     Clarity  .     N - +3 leather armour
rNeg   . . .     SustAb   .     (no shield)
rPois  .         Gourm    .     (helmet restricted)
rElec  .         Spirit   .     (no cloak)
rCorr  .         Warding  .     (no gloves)
rMut   .         Stasis   .     (boots unavailable)
MR     .....                    n - amulet of regeneration
Stlth  ++........               G - ring of magical power
                                W - ring of protection from fire

@: lethally poisoned (0 -> -1), repel missiles, not resistant to hostile
enchantments, unstealthy
A: beak, talons 3, able to fly 1
a: Fly, Renounce Religion


You were on level 10 of the Dungeon.
You worshipped Vehumet.
Vehumet was greatly pleased with you.
You were not hungry.

You visited 2 branches of the dungeon, and saw 11 of its levels.
You also visited: Sewer.

You collected 618 gold pieces.

Inventory:

Hand weapons
 a - a +1 short sword of venom (weapon)
   (You took it off an orc on level 5 of the Dungeon)
 b - a -1 blowgun
 i - a +1 great sword
 A - a +2 falchion of protection
   (You took it off an orc on level 5 of the Dungeon)
 T - a +0 scimitar
Missiles
 t - 54 poisoned needles
 y - 6 tomahawks (quivered)
 H - 11 curare-tipped needles
Armour
 g - a +0 buckler
 J - a +1 ring mail of cold resistance
   (You took it off an orc on level 5 of the Dungeon)
 N - a +3 leather armour (worn)
Jewellery
 l - an uncursed ring of teleport control
 m - an uncursed ring of protection from cold
 n - an amulet of regeneration (around neck)
 o - an uncursed ring of protection from fire
 v - an uncursed ring of see invisible
 G - a ring of magical power (right hand)
 M - an uncursed amulet of clarity
 W - a ring of protection from fire (left hand)
Magical devices
 h - a wand of digging (22)
 Q - a wand of teleportation (4) {!d}
 X - a wand of polymorph (11)
Scrolls
 d - 2 scrolls of fog
 p - 3 scrolls of remove curse
 x - 3 scrolls of enchant weapon
 C - 2 scrolls of recharging
 O - a scroll of magic mapping {!r}
Potions
 r - a potion of ambrosia {!q}
 s - 3 potions of might {!q}
 z - 2 potions of brilliance {!q}
 B - 5 potions of curing
 K - 2 potions of agility {!q}
 L - 3 potions of heal wounds {!q}
 S - a potion of invisibility {!q}
 U - 2 potions of poison {unknown}
 Y - a potion of flight {unknown}
Books
 c - the Papyrus of the Ancient Orbs

   Spells                             Type                      Level
   a - Flame Tongue                   Conjuration/Fire             1
   b - Ignite Poison                  Fire/Transmutation/Poison    3
 e - a book of Minor Magic
 q - a book of the Dragon
 E - a Young Poisoner's Handbook
 R - a book of Changes
 V - a book of Flames
Comestibles
 f - 6 bread rations {!e}
 j - 5 meat rations {!e}
 k - 8 slices of pizza
 w - a royal jelly
 D - 3 chunks of flesh
 F - 3 beef jerkies
 P - 3 fruits


   Skills:
 - Level 1.0 Fighting
 - Level 1.1 Long Blades
 - Level 2.1 Dodging
 - Level 1.0 Stealth
 - Level 1.0 Shields
 * Level 8.5 Spellcasting
 - Level 10.0 Conjurations
   Level 1.1 Necromancy
 * Level 9.8 Fire Magic
 - Level 9.0 Air Magic
 - Level 1.0 Evocations


You had 11 spell levels left.
You knew the following spells:

 Your Spells              Type           Power        Failure   Level  Hunger
a - Flame Tongue          Conj/Fire      #####        1%          1    None
b - Magic Dart            Conj           ####         1%          1    None
c - Conjure Flame         Conj/Fire      #####...     1%          3    #......
d - Mephitic Cloud        Conj/Pois/Air  ####....     1%          3    #......
e - Sticky Flame          Conj/Fire      #####...     1%          4    ###....
J - Blink                 Tloc           N/A          21%         2    None
M - Repel Missiles        Chrm/Air       ###...       3%          2    None


Dungeon Overview and Level Annotations

Branches:
Dungeon (10/15)            Temple (1/1) D:4             Orc (0/4) D:9
   Lair: D:8-11

Altars:
Ashenzari
Cheibriados
Dithmenos
Elyvilon
Fedhas
Gozag
Kikubaaqudgha
Makhleb
Nemelex Xobeh
Okawaru
Qazlal
Ru
Sif Muna
Trog
Vehumet
Xom
Yredelemnul
Zin
The Shining One

Annotations:
D:9 Ontamu's ghost, experienced TrMo


Innate Abilities, Weirdness & Mutations

You have a beak for a mouth.
You have claws for feet.
You can fly.


Message History

Press: ? - help, Shift-Dir - straight line, f - killer bee
Aim: a killer bee (heavily wounded, bewildered and confused)
The flame tongue misses the killer bee.
Casting: Flame Tongue
Confirm with . or Enter, or press ? or * to list all spells.
Aiming: Flame Tongue
Press: ? - help, Shift-Dir - straight line, f/p - killer bee
Aim: a killer bee (heavily wounded, bewildered and confused)
The flame tongue hits the killer bee.
The killer bee is severely wounded.
You feel sick.
Damage: 1 (max 12)
Casting: Flame Tongue
Confirm with . or Enter, or press ? or * to list all spells.
Aiming: Flame Tongue
Press: ? - help, Shift-Dir - straight line, f/p - killer bee
Aim: a killer bee (severely wounded, bewildered and confused)
The flame tongue hits the killer bee.
You kill the killer bee!
Vehumet accepts your kill.
You feel your power returning.
You feel sick.
Damage: 1 (max 12)
Casting: Flame Tongue
Confirm with . or Enter, or press ? or * to list all spells.
Aiming: Mephitic Cloud
Press: ? - help, Shift-Dir - straight line, f - orc warrior
Aim: an orc warrior, wielding a hand axe and wearing a plate armour The ball explodes into a vile cloud!
The stinking cloud engulfs the orc warrior.
The stinking cloud engulfs the orc.
You hear a shout!
The orc is engulfed in noxious fumes.
The orc appears confused.
The orc warrior is engulfed in noxious fumes.
Unknown command.
You feel sick.
The orc is engulfed in noxious fumes.
The orc appears confused.
The orc warrior is engulfed in roaring flames.
The orc warrior hits you with a hand axe!
* * * LOW HITPOINT WARNING * * *
Damage: 10 (max 12)
You hit the orc warrior but do no damage.
The orc warrior is poisoned.
Your kick misses the orc warrior.
The orc warrior is moderately wounded.
The orc is engulfed in noxious fumes.
The orc hits the orc warrior with a flail!
An orc comes into view. It is wielding a mace.
Unknown command.
The orc warrior is engulfed in roaring flames.
The orc warrior hits you with a hand axe!
You die...

#...........# ########
#...........# #.......
#...........# #.......
#...........#####.......
#...........'..##.......
#...........##..'.......
#...........#####.......
#...........# #.......
#......@....# #.......
#......o†...# #.......
#######§##### #.......
o§# ####+### o§## #.#
### #.. #.# #..# #.<


You could see an orc warrior and an orc (confused).

Vanquished Creatures
  A troll (D:9)
  5 yaks
  Sigmund (D:7)
  Eustachio (D:6)
  Grum (D:9)
  A human (D:8)
  A hippogriff (D:9)
  2 hungry ghosts
  2 wolves
  A water moccasin (D:7)
  4 orc warriors
  Purgy (Sewer)
  2 black bears
  2 phantoms
  2 sky beasts
  2 ogres
  2 ice beasts
  A necrophage (D:6)
  3 centaurs
  Blork the orc (D:6)
  6 giant frogs
  8 scorpions
  7 wights
  7 killer bees
  5 crimson imps
  A quasit (D:8)
  5 orc priests
  A centaur zombie (D:9)
  3 hounds
  A giant frog skeleton (D:5)
  A giant frog zombie (D:9)
  7 orc wizards
  Terence (D:3)
  Natasha (thrice) (D:4)
  3 iguanas
  6 worker ants
  2 sheep (D:8)
  A hound zombie (D:4)
  A hound skeleton (D:9)
  A river rat (D:4)
  11 adders
  An ooze (D:3)
  3 worms
  3 adder skeletons
  7 giant geckos
  36 orcs
  A bat zombie (D:4)
  9 giant cockroaches
  17 goblins
  20 hobgoblins
  3 ball pythons
  14 bats
  5 giant newts
  10 jackals
  15 kobolds
  5 quokkas
  16 rats
282 creatures vanquished.

Vanquished Creatures (collateral kills)
  A killer bee (D:10)
1 creature vanquished.

Grand Total: 283 creatures vanquished

Notes
Turn   | Place    | Note
--------------------------------------------------------------
     0 | D:1      | Gorice the Tengu Wanderer began the quest for the Orb.
     0 | D:1      | Gorice set off with: a book of Minor Magic, a potion of curing, the Papyrus of the Ancient Orbs, a +0 robe, a +0 dagger, a bread ration {!e}
     0 | D:1      | Reached XP level 1. HP: 12/12 MP: 3/3
     0 | D:1      | Identified the Papyrus of the Ancient Orbs
     2 | D:1      | Learned a level 1 spell: Flame Tongue
     6 | D:1      | Noticed an electric eel
     6 | D:1      | Noticed an electric eel
   153 | D:1      | Reached skill level 1 in Conjurations
   362 | D:1      | Reached XP level 2. HP: 16/16 MP: 0/5
   870 | D:2      | Reached skill level 2 in Fire Magic
   870 | D:2      | Reached XP level 3. HP: 17/20 MP: 1/6
   917 | D:2      | Reached skill level 2 in Conjurations
  1425 | D:2      | Reached XP level 4. HP: 25/25 MP: 4/7
  1507 | D:2      | Found an iron altar of Okawaru.
  1508 | D:2      | Found a burning altar of Makhleb.
  1812 | D:2      | Learned a level 3 spell: Conjure Flame
  1980 | D:2      | HP: 7/25 [orc/club (5)]
  2021 | D:3      | Reached skill level 3 in Fire Magic
  2089 | D:3      | Found a glowing silver altar of Zin.
  2121 | D:3      | Noticed Terence
  2129 | D:3      | Killed Terence
  2129 | D:3      | Reached skill level 2 in Spellcasting
  2129 | D:3      | Reached skill level 3 in Conjurations
  2295 | D:3      | Gained mutation: You can fly. [Tengu growth]
  2295 | D:3      | Reached XP level 5. HP: 20/29 MP: 2/9
  2552 | D:3      | Reached skill level 4 in Conjurations
  2751 | D:4      | Noticed Natasha
  2759 | D:3      | Learned a level 2 spell: Blink
  2761 | D:3      | Learned a level 1 spell: Magic Dart
  2816 | D:4      | Reached skill level 4 in Fire Magic
  2822 | D:4      | HP: 8/29 [hound zombie (3)]
  2940 | D:4      | Killed Natasha
  2982 | D:4      | Reached XP level 6. HP: 30/34 MP: 4/10
  3038 | D:4      | Found a staircase to the Ecumenical Temple.
  3039 | D:4      | Found a glowing drain.
  3144 | Sewer    | Entered a sewer
  3251 | Sewer    | Noticed Purgy
  3293 | Sewer    | Killed Purgy
  3293 | Sewer    | Reached skill level 5 in Conjurations
  3522 | Temple   | Entered the Ecumenical Temple
  3592 | Temple   | Became a worshipper of Vehumet
  3691 | D:4      | Noticed Natasha
  3700 | D:4      | Killed Natasha
  3957 | D:4      | Reached skill level 6 in Conjurations
  3957 | D:4      | Reached skill level 5 in Fire Magic
  3957 | D:4      | Reached XP level 7. HP: 38/38 MP: 11/11
  3969 | D:4      | Noticed Natasha
  3976 | D:4      | Killed Natasha
  3993 | D:4      | Noticed a phantom
  4014 | D:4      | Killed a phantom
  4158 | D:5      | Entered Level 5 of the Dungeon
  4187 | D:5      | HP: 11/38 [poisoned by a scorpion]
  4192 | D:5      | HP: 7/38 [poisoned by a scorpion]
  4197 | D:5      | HP: 5/38 [poisoned by a scorpion]
  4203 | D:5      | HP: 4/38 [poisoned by a scorpion]
  4210 | D:5      | HP: 5/38 [poisoned by a scorpion]
  4217 | D:5      | HP: 6/38 [poisoned by a scorpion]
  4225 | D:5      | HP: 9/38 [poisoned by a scorpion]
  4319 | D:5      | Reached skill level 3 in Spellcasting
  4340 | D:5      | Acquired Vehumet's first power
  4340 | D:5      | Offered knowledge of Freeze by Vehumet.
  4458 | D:5      | Reached skill level 7 in Conjurations
  4505 | D:5      | Reached skill level 6 in Fire Magic
  4603 | D:5      | Reached XP level 8. HP: 43/43 MP: 9/14
  4945 | D:5      | Offered knowledge of Shock by Vehumet.
  4980 | D:5      | Learned a level 2 spell: Repel Missiles
  5148 | D:5      | Reached skill level 4 in Spellcasting
  5148 | D:5      | Reached skill level 1 in Air Magic
  5281 | D:5      | Found a bloodstained altar of Trog.
  5292 | D:5      | Reached skill level 8 in Conjurations
  5292 | D:5      | Reached skill level 2 in Air Magic
  5429 | D:5      | Reached skill level 3 in Air Magic
  5755 | D:6      | Reached skill level 4 in Air Magic
  5797 | D:5      | Reached skill level 5 in Air Magic
  5797 | D:5      | Reached XP level 9. HP: 29/47 MP: 7/16
  5909 | D:6      | Offered knowledge of Dazzling Spray by Vehumet.
  5943 | D:6      | Found a burning altar of Makhleb.
  6004 | D:6      | Found a basalt altar of Yredelemnul.
  6158 | D:6      | Noticed Blork the orc
  6164 | D:6      | Learned a level 3 spell: Mephitic Cloud
  6182 | D:6      | Killed Blork the orc
  6182 | D:6      | Reached skill level 6 in Air Magic
  6262 | D:6      | Reached skill level 9 in Conjurations
  6270 | D:6      | Acquired Vehumet's second power
  6415 | D:6      | Reached skill level 5 in Spellcasting
  6513 | D:6      | Noticed Eustachio
  6523 | D:6      | Killed Eustachio
  6523 | D:6      | Reached skill level 7 in Air Magic
  6880 | D:6      | Offered knowledge of Static Discharge by Vehumet.
  6957 | D:6      | Found a stormy altar of Qazlal.
  7040 | D:7      | Found a blossoming altar of Fedhas.
  7067 | D:7      | Reached skill level 8 in Air Magic
  7117 | D:7      | Learned a level 4 spell: Sticky Flame
  7162 | D:7      | Noticed Sigmund
  7171 | D:7      | Killed Sigmund
  7171 | D:7      | Reached skill level 10 in Conjurations
  7604 | D:7      | Reached XP level 10. HP: 45/52 MP: 17/19
  7631 | D:7      | Reached skill level 6 in Spellcasting
  7649 | D:7      | Reached skill level 7 in Fire Magic
  7873 | D:8      | Reached skill level 9 in Air Magic
  8078 | D:8      | Found a snail-covered altar of Cheibriados.
  8119 | D:8      | Acquired Vehumet's third power
  8345 | D:8      | Offered knowledge of Lightning Bolt by Vehumet.
  8402 | D:8      | Reached skill level 8 in Fire Magic
  8651 | D:9      | Noticed Grum
  8652 | D:9      | Reached skill level 7 in Spellcasting
  8662 | D:8      | HP: 11/52 [wolf[Grum] (8)]
  8747 | D:9      | Killed Grum
  8774 | D:9      | Found a glowing golden altar of the Shining One.
  8928 | D:9      | Noticed Ontamu's ghost (experienced TrMo)
  8935 | D:9      | HP: 8/52 [Ontamu's ghost (27)]
  9158 | D:9      | Found an ancient bone altar of Kikubaaqudgha.
  9316 | D:9      | Reached skill level 9 in Fire Magic
  9487 | D:9      | Found a shimmering altar of Xom.
  9488 | D:9      | Found a shimmering altar of Xom.
  9488 | D:9      | Found a shimmering altar of Xom.
  9489 | D:9      | Found a shimmering altar of Xom.
  9489 | D:9      | Found a shimmering altar of Xom.
  9490 | D:9      | Found a shimmering altar of Xom.
  9503 | D:9      | Found a staircase to the Orcish Mines.
  9713 | D:9      | Reached skill level 8 in Spellcasting
 10002 | D:10     | Entered Level 10 of the Dungeon
 10149 | D:10     | Found an opulent altar of Gozag.
 10236 | D:10     | Reached XP level 11. HP: 56/56 MP: 24/24
 10414 | D:10     | HP: 16/56 [orc warrior/hand axe (10)]
 10416 | D:10     | Slain by an orc warrior

Vault maps used:
D:1:      arrival_aquarium_b
D:2:      gammafunk_temple_overflow_statue
D:3:      lemuel_round_altar, first_bread, minmay_cut_off, uniq_terence
D:4:      minmay_temple_entry_statues_fountains, portal_sewer_entry_c,
          minmay_vboxes, uniq_natasha, uniq_sigmund
D:5:      nicolae_overflow_crystal_walls, kennysheep_generic_room_12
D:6:      lemuel_crystal_altar, lemuel_coloured_pillars_altar,
          minmay_bad_closet, grunt_ministairs_14, makhleb_heckhound_becter,
          uniq_blork_the_orc, uniq_eustachio
D:7:      fedhas_altar_2
D:8:      overflow_temple_1_default, serial_aquarium,
          aquarium_bridge_long_separate, aquarium_bridge_straight,
          aquarium_window_2, aquarium_window_fake, aquarium_window_3,
          aquarium_window_double, aquarium_view_2b, aquarium_balcony_1a,
          grunt_livestock
D:9:      lemuel_crystal_altar, nicolae_overflow_hidden_temple, xom_redecorated,
          uniq_grum
D:10:     nicolae_gozag_seed_capital
Temple:   cyrus_temple_forest_13
Sewer:    sewer_the_crocodile

Action                   |  1- 3 |  4- 6 |  7- 9 | 10-12 || total
-------------------------+-------+-------+-------+-------++-------
Melee: Dagger            |    46 |    39 |     6 |       ||    91
       Short sword       |       |       |    67 |    42 ||   109
       Falchion          |       |       |     5 |       ||     5
Throw: Stone             |     5 |       |       |       ||     5
 Cast: Flame Tongue      |    43 |   130 |   206 |   127 ||   506
       Magic Dart        |       |    20 |   136 |    49 ||   205
       Conjure Flame     |       |     1 |    17 |    32 ||    50
       Repel Missiles    |       |       |     2 |       ||     2
       Mephitic Cloud    |       |       |     9 |    10 ||    19
       Sticky Flame      |       |       |     2 |     5 ||     7
       Blink             |       |       |     1 |     5 ||     6
  Use: Scroll            |       |    13 |     5 |     2 ||    20
       Potion            |       |     1 |       |       ||     1
 Stab: Sleeping          |     1 |     1 |       |       ||     2
       Confused          |       |       |     1 |     1 ||     2
  Eat: Chunk             |     3 |    12 |    16 |    14 ||    45

Table legend:
 A = Turns spent in this place as a percentage of turns spent in the entire game.
 B = Non-inter-level travel turns spent in this place as a percentage of non-inter-level travel turns spent in the entire game.
 C = Inter-level travel turns spent in this place as a percentage of turns spent in this place.
 D = Turns resting spent in this place as a percentage of non-inter-level travel turns spent in this place.
 E = Turns spent auto-exploring this place as a percentage of non-inter-level travel turns spent in this place.
 F = Non-inter-level travel turns spent in this place divided by the number of levels of this place that you've seen.
                   A       B       C       D       E      F
               +-------+-------+-------+-------+-------+----------------------
         Total | 100.0 | 100.0 |   0.6 |   3.7 |   5.0 | 342.6
       Dungeon |  96.1 |  96.1 |   0.6 |   3.6 |   4.9 | 395.0
        Temple |   0.9 |   0.9 |   2.8 |   0.0 |  20.0 |  35.0
         Sewer |   3.0 |   3.1 |   0.0 |   7.1 |   2.4 | 126.0
               +-------+-------+-------+-------+-------+----------------------

Vault maps used:
D:1:      arrival_aquarium_b
D:2:      gammafunk_temple_overflow_statue
D:3:      lemuel_round_altar, first_bread, minmay_cut_off, uniq_terence
D:4:      minmay_temple_entry_statues_fountains, portal_sewer_entry_c,
          minmay_vboxes, uniq_natasha, uniq_sigmund
D:5:      nicolae_overflow_crystal_walls, kennysheep_generic_room_12
D:6:      lemuel_crystal_altar, lemuel_coloured_pillars_altar,
          minmay_bad_closet, grunt_ministairs_14, makhleb_heckhound_becter,
          uniq_blork_the_orc, uniq_eustachio
D:7:      fedhas_altar_2
D:8:      overflow_temple_1_default, serial_aquarium,
          aquarium_bridge_long_separate, aquarium_bridge_straight,
          aquarium_window_2, aquarium_window_fake, aquarium_window_3,
          aquarium_window_double, aquarium_view_2b, aquarium_balcony_1a,
          grunt_livestock
D:9:      lemuel_crystal_altar, nicolae_overflow_hidden_temple, xom_redecorated,
          uniq_grum
D:10:     nicolae_gozag_seed_capital
Temple:   cyrus_temple_forest_13
Sewer:    sewer_the_crocodile
